 Dungeon Crawl Stone Soup version 0.17-a0-2171-ga91b4ec (webtiles) character file.

1300492 mrath the Sorcerer (level 27, 159/159 HPs)
             Began as a Gargoyle Earth Elementalist on Oct 19, 2015.
             Was the Champion of Vehumet.
             Escaped with the Orb
             ... and 3 runes on Oct 25, 2015!
             The game lasted 1 day 14:24:49 (179157 turns).

mrath the Sorcerer (GrEE)                     Turns: 179157, Time: 1 , 14:24:49

Health: 159/159    AC: 51    Str: 15    XL:     27
Magic:  59/59      EV: 19    Int: 29    God:    Vehumet [******]
Gold:   3687       SH: 16    Dex: 12    Spells: 14 memorised, 2 levels left

rFire  + + +     SeeInvis +     I - +2 rapier "Osol" {pierce, rC+ MR+ SInv}
rCold  + + .     Clarity  .     y - +6 mottled dragon armour
rNeg   + . .     SustAt   .     f - +2 shield of Resistance {rF+ rC+ MR+}
rPois  ∞         Gourm    .     t - +2 helmet {Int+3}
rElec  +         Spirit   .     B - +2 cloak
rCorr  .         Warding  .     J - +2 pair of gloves of Prudence {rF++ Dex+4}
rMut   +         Stasis   .     D - +2 pair of boots
MR     ++++.                    h - amulet of resist mutation
Stlth  +.........               W - ring of wizardry
                                F - ring of magical power

@: flying, repel missiles, incredibly resistant to hostile enchantments, very
unstealthy
A: big wings, slimy green scales 1, camouflage 1, clumsy 1, frail 1, negative
energy resistance 1, shaggy fur 1, electricity resistance, unbreathing,
petrification resistance, rot immunity, AC +20
a: Stop Flying, Renounce Religion
0: Orb of Zot
}: 3/15 runes: barnacled, silver, gossamer


You escaped.
You worshipped Vehumet.
Vehumet was exalted by your worship.
You were not hungry.

You visited 11 branches of the dungeon, and saw 55 of its levels.
You also visited: Labyrinth and Ice Cave.

You collected 8766 gold pieces.
You spent 5079 gold pieces at shops.

Inventory:

Hand Weapons
 b - the +1 eveningstar "Brilliance" {holy, rN+ AC+5 Int+5}
   (You took it off a siren on level 4 of the Shoals)

   It has been blessed by the Shining One to cause great damage to the undead
   and demons.
   It affects your AC (+5).
   It affects your intelligence (+5).
   It protects you from negative energy.
 w - the +8 autumn katana {slice, Clar}
   (You took it off a centaur on level 9 of the Dungeon)

   It inflicts extra damage upon your enemies.
   It protects you against confusion.
 I - the +2 rapier "Osol" (weapon) {pierce, rC+ MR+ SInv}
   (You found it on level 8 of the Dungeon)

   It inflicts extra damage upon your enemies.
   It protects you from cold.
   It affects your resistance to hostile enchantments.
   It lets you see invisible.
 K - a +8 demon whip of electrocution
Missiles
 q - 16 poisoned tomahawks (quivered)
Armour
 f - the +2 shield of Resistance (worn) {rF+ rC+ MR+}
   (You acquired it on level 2 of the Lair of Beasts)

   It protects you from fire.
   It protects you from cold.
   It affects your resistance to hostile enchantments.
 t - a +2 helmet of intelligence (worn)
 y - a +6 mottled dragon armour (worn)
 B - a +2 cloak (worn)
 D - a +2 pair of boots (worn)
 J - the +2 pair of gloves of Prudence (worn) {rF++ Dex+4}
   (You found it on level 15 of the Dungeon)

   It affects your dexterity (+4).
   It greatly protects you from fire.
Magical Staves
 E - an uncursed staff of fire
 Y - an uncursed staff of earth
Rods
 l - a +0 rod of ignition (9/9)
   (You took it off a minotaur in a labyrinth)
 H - a +4 rod of destruction (9/9)
   (You took it off a deep elf demonologist on level 3 of the Elven Halls)
 U - a +8 rod of shadows (9/9)
   (You found it on level 2 of the Lair of Beasts)
Jewellery
 h - an amulet of resist mutation (around neck)
 F - a ring of magical power (left hand)
 T - a +5 ring of protection
 W - a ring of wizardry (right hand)
 X - the amulet "Etaif" {rCorr rF+ MR+}
   (You took it off a deep elf blademaster on level 3 of the Elven Halls)

   [amulet of resist corrosion]

   It protects you from acid and corrosion.
   It protects you from fire.
   It affects your resistance to hostile enchantments.
Wands
 d - a wand of fireball (11)
 j - a wand of lightning (7)
 o - a wand of digging (12)
 L - a wand of disintegration (17)
 M - a wand of heal wounds (5)
 Q - a wand of cold (9)
 S - a wand of teleportation (4)
 V - a wand of cold (0)
Scrolls
 c - 5 scrolls of recharging
 i - 2 scrolls of holy word
 k - 26 scrolls of remove curse
 m - 4 scrolls of identify
 p - 7 scrolls of teleportation
 u - 4 scrolls of blinking
 x - 7 scrolls of fog
 A - a scroll of silence
 R - 2 scrolls of summoning
Potions
 e - 26 potions of curing
 s - 4 potions of cancellation
 v - 3 potions of brilliance
 z - 2 potions of resistance
 O - 2 potions of magic
 P - 2 potions of haste
 Z - 5 potions of heal wounds
Miscellaneous
 a - a lamp of fire
 g - a disc of storms
 r - a stone of tremors
 G - a phial of floods
Comestibles
 C - 15 meat rations


   Skills:
 + Level 19.4 Fighting
 - Level 1.2 Long Blades
 - Level 7.8(9.0) Maces & Flails
 - Level 7.0(8.6) Staves
 - Level 8.6 Armour
 + Level 15.8 Dodging
 - Level 2.1 Stealth
 - Level 16.2 Shields
 * Level 23.1 Spellcasting
 + Level 19.3 Conjurations
 - Level 0.7 Transmutations
 + Level 17.7 Fire Magic
 + Level 21.4 Earth Magic
 + Level 16.9 Evocations


You had 2 spell levels left.
You knew the following spells:

 Your Spells              Type           Power        Failure   Level  Hunger
a - Sandblast             Erth           ######       0%          1    None
b - Stoneskin             Trmt/Erth      #######.     1%          2    None
c - Bolt of Fire          Conj/Fire      #######...   1%          6    None
d - Lee's Rapid Deconstr  Erth           ########..   0%          5    None
e - Spellforged Servitor  Conj/Summ      ######....   3%          7    ##.....
f - Sticky Flame          Conj/Fire      #######.     0%          4    None
i - Mephitic Cloud        Conj/Pois/Air  ######..     1%          3    None
k - Iron Shot             Conj/Erth      ########..   1%          6    None
l - Passwall              Trmt/Erth      #######...   1%          3    None
m - Fireball              Conj/Fire      #######...   1%          5    None
n - Lehudib's Crystal Sp  Conj/Erth      ########..   1%          8    ####...
o - Fire Storm            Conj/Fire      #######...   8%          9    ######.
p - Repel Missiles        Chrm/Air       ####..       1%          2    None
q - Shatter               Erth           ########..   3%          9    ######.


Dungeon Overview and Level Annotations

Branches:
Dungeon (15/15)            Temple (1/1) D:4            Lair (8/8) D:10
 Shoals (4/4) Lair:4       Spider (4/4) Lair:6        Slime (0/6) Lair:6
    Orc (4/4) D:9             Elf (3/3) Orc:3        Vaults (5/5) D:14
  Crypt (0/3) Vaults:2     Depths (5/5) D:15           Hell (1/1)
    Dis (0/7) Hell            Geh (0/7) Hell            Coc (0/7) Hell
    Tar (0/7) Hell            Zot (5/5) Depths:5

Altars:
Ashenzari
Cheibriados
Dithmenos
Elyvilon
Fedhas
Gozag
Kikubaaqudgha
Makhleb
Nemelex Xobeh
Okawaru
Qazlal
Ru
Sif Muna
Trog
Vehumet
Xom
Yredelemnul
Zin
The Shining One
Beogh
Jiyva

Shops:
D:8 *   D:12 ?   Orc:1 ?   Orc:4 [}(%   Elf:1 (   Vaults:1 ?   Depths:4 *

Portals:
Hell: Depths:1 Depths:2 Depths:3 Depths:4 Depths:5
Abyss: Depths:4
Pandemonium: Depths:1 Depths:2 Depths:3 Depths:4
Ziggurat: Depths:1
Trove: D:13 (give +2 storm dragon armour)

Annotations:
D:9 exclusion: ice statue
Shoals:4 PeterLawrence's ghost, adept MiFi


Innate Abilities, Weirdness & Mutations

You are resistant to torment.
Your stone body is resilient (AC +20).
You are immune to poison.
Your large and strong wings let you fly indefinitely.
You resist negative energy.
You are resistant to electric shocks.
You can survive without breathing.
You are immune to petrification.
You are immune to rotting.
You are partially covered in slimy green scales (AC +2).
Your skin changes colour to match your surroundings (Stealth).
You are clumsy. (Dex -2)
You are frail (-10% HP).
You are covered in fur (AC +1).


Message History

Casting: Iron Shot
Confirm with . or Enter, or press ? or * to list all spells.
Your skin hardens.
You hear a grinding noise.
You hear a grinding noise.
You hear a grinding noise.
There is a stone staircase leading up here.
You fly upwards.
There is a stone staircase leading down here.
There is an escape hatch in the floor here.
You see here a robe.
You see here a club.
There is a stone staircase leading up here.
You fly upwards.
There is a stone staircase leading down here.
Your skin feels tender.
There is an escape hatch in the floor here.
There is a staircase leading out of the dungeon here.
You can't go down here!
You have escaped!

#.'....'..##.......#
#
#.#....#########.###
# #####.#....# #.#
#.# # #...#.######
#.# #.# # #...#.#
#.# #.# # #...#.#
#.# #.# # ###
#...#.# #.# #.###
### ##.###...#.#
######.#####8###..
#....'...#.#
#@..........>....#
##.###...#.#
######.#####8#####
#.# #...#.#
#.########### #.#
#...#.#
#.##.....#... #.#
###.#.#
#.##.###.#.## #.#
#.#.# #.##.# #.#.#
#.# #.#.# #.##.#
#.#.# #.#
#.#.#############.#
#.#.# #.#
#.#.............#.#
#.#.#


There were no monsters in sight!

Vanquished Creatures
  5 ancient liches
  5 orbs of fire
  Mara (Shoals:3)
  Boris (Vaults:2)
  Frederick (Vaults:2)
  Saint Roka (Depths:3)
  2 Killer Klowns
  A curse toe (Zot:5)
  8 golden dragons
  Geryon (Hell)
  Arachne (Spider:1)
  5 liches
  3 electric golems (Zot:5)
  Jorgrun (Spider:2)
  27 tentacled monstrosities
  35 Orb Guardians
  6 titans
  Asterion (Spider:1)
  2 deep elf master archers (Elf:3)
  4 deep elf blademasters
  2 quicksilver dragons (Vaults:5)
  Murray (Hell)
  5 sphinxes
  A kraken (Shoals:3)
  16 death cobs
  Polyphemus (Shoals:3)
  An octopode crusher (Shoals:3)
  Agnes (Spider:4)
  5 tengu reavers
  18 storm dragons
  11 shadow dragons
  9 draconian monks
  Ilsuiw (Shoals:4)
  A revenant (Depths:5)
  Wiglaf (D:15)
  16 fire giants
  8 ghost moths
  Donald (Spider:2)
  An iron dragon (shapeshifter) (Depths:5)
  2 draconian knights
  15 vault wardens
  8 draconian scorchers
  A ghost moth (shapeshifter) (Depths:3)
  5 iron dragons
  9 frost giants
  4 deep elf sorcerers
  Aizul (Elf:2)
  Louise (D:15)
  2 balrugs
  8 draconian zealots
  3 reapers
  6 draconian shifters
  A ghoul (Vaults:1)
  3 cacodemons
  5 emperor scorpions
  14 very ugly things
  17 ironheart preservers
  13 draconian annihilators
  5 spriggan defenders
  2 salamander firebrands
  14 draconian callers
  2 war gargoyles
  34 stone giants
  7 deep elf demonologists
  14 green draconians
  6 vampire knights
  10 deep elf annihilators
  11 white draconians
  15 purple draconians
  14 mottled draconians
  3 lorocyprocas
  16 red draconians
  8 yellow draconians
  16 black draconians
  6 deep elf death magi
  2 blizzard demons
  4 merfolk javelineers (Shoals:4)
  14 ettins
  A crystal guardian (Vaults:4)
  2 green deaths
  9 merfolk impalers
  25 fire dragons
  22 ice dragons
  Josephine (Lair:8)
  34 vault guards
  12 entropy weavers
  A minotaur (Lab)
  4 deep elf high priests
  12 great orbs of eyes
  31 yaktaur captains
  4 spriggan air magi
  8 hydras
  4 rakshasas
  A catoblepas (Shoals:3)
  A hell beast (Depths:5)
  3 merfolk avatars
  An anaconda (shapeshifter) (Vaults:5)
  Erolcha (Orc:1)
  13 centaur warriors
  24 ogre magi
  4 alligator snapping turtles
  4 merfolk aquamancers
  4 vampire magi
  7 death yaks
  9 spriggan berserkers
  6 tengu warriors
  4 satyrs
  16 deep troll shamans
  14 dancing weapons
  3 orc high priests
  4 soul eaters
  4 hell hogs
  13 deep troll earth magi
  A storm dragon zombie (D:15)
  3 iron golems
  Sonja (Lair:2)
  6 sun demons
  5 spriggans
  7 iron trolls
  An unseen horror (shapeshifter) (Depths:1)
  29 hell knights
  8 skeletal warriors
  3 shadow wraiths
  16 sea snakes
  The ghost of cireshan the Thaumaturge, a novice DECj of Sif Muna (D:8)
  54 deep trolls
  33 deep elf knights
  2 fire crabs
  A shadow demon (Zot:1)
  8 small abominations
  9 ice devils
  8 giant orange brains
  22 harpies
  A deep troll (shapeshifter) (Depths:2)
  22 unseen horrors
  4 phantasmal warriors
  9 hill giants
  3 ice statues (IceCv)
  19 deep elf summoners
  3 flayed ghosts
  A kraken simulacrum (Shoals:4)
  An obsidian statue (Depths:5)
  Pikel (D:8)
  A swamp dragon (shapeshifter) (Depths:3)
  A tengu zombie (Depths:2)
  A harpy (shapeshifter) (Depths:3)
  9 orb spiders
  17 orc knights
  14 griffons
  A wolf spider zombie (D:14)
  13 ironbrand convokers
  9 necromancers
  19 deep elf conjurers
  A fire giant zombie (D:15)
  37 wolf spiders
  12 manticores
  51 ugly things
  3 orc sorcerers
  11 hornets
  11 sirens
  4 wizards
  9 cyclopes
  26 moths of wrath
  2 frost giant zombies
  An octopode (shapeshifter) (Elf:1)
  A salamander (shapeshifter) (Vaults:1)
  4 sixfirhies
  7 water nymphs
  9 elephants
  8 fauns
  A salamander (Lair:7)
  21 vault sentinels
  Joseph (D:7)
  2 molten gargoyles
  9 black mambas
  7 orange demons
  A black mamba (shapeshifter) (Vaults:3)
  2 hellions
  9 rust devils
  3 torpor snails
  20 spiny frogs
  4 smoke demons
  3 centaur skeletons
  3 efreet
  2 gargoyles
  3 fire drakes
  11 komodo dragons
  The ghost of B1inky the Insei, a novice OpFi of Ru (D:5)
  2 anaconda simulacra (Hell)
  2 hellwings
  A spriggan skeleton (Depths:2)
  12 demonic crawlers
  A yaktaur (shapeshifter) (Depths:3)
  A guardian mummy (D:15)
  99 yaktaurs
  6 kobold demonologists
  7 tengu conjurers
  22 deep elf priests
  2 blue devils
  A golden dragon simulacrum (Depths:2)
  A troll (shapeshifter) (Vaults:2)
  An entropy weaver zombie (D:15)
  A spriggan druid (Lair:7)
  12 polar bears
  4 wind drakes
  A queen bee (shapeshifter) (Vaults:5)
  10 trolls
  8 freezing wraiths
  3 raiju (Lair:8)
  33 merfolk
  A tormentor (D:7)
  25 jumping spiders
  2 hydra zombies (Hell)
  21 slime creatures
  3 large abominations (Depths:4)
  A blink frog (shapeshifter) (Vaults:3)
  44 two-headed ogres
  30 blink frogs
  4 boulder beetles
  13 snapping turtles
  An alligator zombie (Hell)
  2 hydra skeletons (Hell)
  2 ynoxinuls (Depths:4)
  A tarantella (shapeshifter) (Vaults:2)
  23 trapdoor spiders
  9 wraiths
  11 water elementals
  6 fire elementals
  A trapdoor spider (shapeshifter) (Vaults:1)
  2 chaos spawn (Depths:4)
  43 deep elf magi
  3 shadows
  89 redbacks
  7 wyverns
  2 hogs (shapeshifter)
  55 yaks
  53 deep elf fighters
  22 hippogriffs
  34 tarantellas
  Grum (D:8)
  9 basilisks
  4 steam dragons
  A fire bat (shapeshifter) (Depths:3)
  A redback simulacrum (Vaults:2)
  16 humans
  39 wolves
  Menkaure (D:6)
  2 human simulacra
  5 hungry ghosts
  A neqoxec (Depths:4)
  7 vampire mosquitoes
  18 wargs
  17 porcupines
  A porcupine (shapeshifter) (Depths:4)
  9 swamp worms (Lair:2)
  5 sky beasts
  A hydra simulacrum (Hell)
  4 hell hounds
  48 orc warriors
  18 water moccasins
  A wasp (shapeshifter) (Depths:3)
  A swamp drake (Lair:8)
  5 wasps
  An eye of draining (D:15)
  10 mottled dragons
  2 slaves (D:8)
  12 black bears (Lair:8)
  A black bear (shapeshifter) (Vaults:4)
  2 necrophages
  4 phantoms
  13 ice beasts
  19 spiders
  An ogre (shapeshifter) (Elf:1)
  107 ogres
  10 boggarts
  A centaur (shapeshifter) (Depths:3)
  24 centaurs
  24 crocodiles
  3 big kobolds
  A brain worm (shapeshifter) (Elf:2)
  29 giant frogs
  A water moccasin zombie (D:10)
  4 scorpions
  A water moccasin skeleton (D:7)
  15 wights
  3 wyvern skeletons
  19 killer bees
  A wasp zombie (D:6)
  8 electric eels
  27 crimson imps
  4 giant frog zombies
  5 centaur zombies
  17 hounds
  2 quasits
  Crazy Yiuf (D:7)
  3 giant frog skeletons
  8 jellies
  A gnoll shaman (D:7)
  2 iron imps (Depths:5)
  34 orc priests
  6 hell rats
  36 orc wizards
  Terence (D:2)
  Natasha (thrice) (D:4)
  10 iguanas
  16 worker ants
  A killer bee zombie (D:8)
  22 sheep
  2 hound zombies (D:9)
  A hound skeleton (D:7)
  The ghost of plantmann the Magician, a weakling SpWz (D:4)
  26 gnolls
  3 worker ant zombies
  44 river rats
  19 adders
  9 shadow imps
  9 white imps
  4 giant eyeballs (Depths:3)
  2 ufetubi
  3 oozes
  An adder zombie (D:6)
  13 worms
  An adder skeleton (D:4)
  4 giant geckos
  199 orcs
  11 giant cockroaches
  8 goblins
  10 hobgoblins
  12 jackals
  21 kobolds
  6 quokkas
  A quokka (shapeshifter) (Vaults:5)
  4 ball pythons
  A ball python skeleton (D:4)
  20 bats
  5 giant newts
  A quokka skeleton (D:7)
  2 quokka zombies
  11 rats
  A bush (Lair:3)
  2 crawling corpses
  2 fungi
  8 plants
  4 tentacles
3446 creatures vanquished.

Vanquished Creatures (collateral kills)
  6 river rats (Lair:2)
6 creatures vanquished.

Vanquished Creatures (others)
  A storm dragon (Zot:1)
  2 draconian knights (Zot:1)
  A draconian scorcher (Zot:1)
  A moth of wrath (Zot:5)
  A redback simulacrum (D:15)
  2 slaves (D:8)
  A boggart (Depths:1)
  73 fungi
  66 plants
  27 tentacles
  1157 tentacle segments
1332 creatures vanquished.

Grand Total: 4784 creatures vanquished

Notes
Turn   | Place    | Note
--------------------------------------------------------------
     0 | D:1      | mrath the Gargoyle Earth Elementalist began the quest for the Orb.
     0 | D:1      | Reached XP level 1. HP: 10/10 MP: 3/3
   249 | D:1      | Reached XP level 2. HP: 15/15 MP: 1/5
   296 | D:1      | Learned a level 2 spell: Stoneskin
  1131 | D:1      | Reached XP level 3. HP: 19/19 MP: 4/7
  1168 | D:1      | Learned a level 3 spell: Stone Arrow
  1517 | D:1      | Found a sparkling altar of Nemelex Xobeh.
  1929 | D:2      | Reached skill level 4 in Earth Magic
  2071 | D:2      | Found a shimmering altar of Xom.
  2255 | D:2      | Reached XP level 4. HP: 11/24 MP: 2/9
  2631 | D:2      | Reached skill level 1 in Conjurations
  2946 | D:2      | Found a burning altar of Makhleb.
  3016 | D:2      | Found a shimmering altar of Xom.
  3091 | D:2      | Noticed Terence
  3133 | D:2      | Killed Terence
  3133 | D:2      | Reached XP level 5. HP: 28/28 MP: 2/10
  3169 | D:2      | Found a faded altar to an unknown god.
  3828 | D:3      | Found a blossoming altar of Fedhas.
  4160 | D:3      | Reached skill level 5 in Earth Magic
  4160 | D:3      | Reached XP level 6. HP: 29/32 MP: 12/12
  4193 | D:3      | Learned a level 5 spell: Lee's Rapid Deconstruction
  5127 | D:4      | Noticed Natasha
  5138 | D:4      | Killed Natasha
  5605 | D:4      | Reached skill level 5 in Spellcasting
  5638 | D:4      | Noticed Natasha
  5645 | D:4      | Killed Natasha
  5720 | D:4      | Found a staircase to the Ecumenical Temple.
  5734 | Temple   | Entered the Ecumenical Temple
  5905 | D:4      | Noticed plantmann's ghost (weakling SpWz)
  5907 | D:4      | Noticed Natasha
  6014 | D:4      | Killed plantmann's ghost
  6015 | D:4      | Killed Natasha
  6116 | D:4      | Reached XP level 7. HP: 36/36 MP: 14/14
  6299 | D:4      | Learned a level 1 spell: Magic Dart
  6505 | D:4      | Reached skill level 1 in Fighting
  6840 | D:4      | Reached skill level 1 in Armour
  6996 | D:4      | Got a fine dagger
  7049 | D:4      | Identified the cursed +3 dagger of the Vestibule of Hell {pierce, Str+3 Int-4 Stlth+} (You found it on level 4 of the Dungeon)
  7056 | D:5      | Entered Level 5 of the Dungeon
  7076 | D:5      | Reached skill level 1 in Maces & Flails
  7101 | D:5      | Found a sacrificial altar of Ru.
  7322 | D:5      | Reached XP level 8. HP: 42/44 MP: 11/16
  7410 | D:5      | Reached skill level 1 in Evocations
  7480 | D:5      | Reached skill level 6 in Earth Magic
  7560 | D:5      | Found a shadowy altar of Dithmenos.
  7820 | D:5      | Noticed B1inky's ghost (novice OpFi)
  8324 | D:5      | Found Doepup's Food Boutique.
  8917 | D:6      | Upgraded the game from 0.17-a0-2101-g0c122e7 to 0.17-a0-2109-g117576f
  8925 | D:6      | Found a deep blue altar of Sif Muna.
  9344 | D:6      | Reached XP level 9. HP: 9/51 MP: 14/18
  9851 | D:7      | Noticed Menkaure
 10216 | D:7      | Found a shattered altar of Ashenzari.
 10316 | D:7      | Reached skill level 5 in Conjurations
 10458 | D:7      | Noticed Joseph
 10743 | D:7      | Reached skill level 7 in Earth Magic
 10947 | D:6      | Killed Menkaure
 11063 | D:7      | Noticed Crazy Yiuf
 11073 | D:7      | Killed Crazy Yiuf
 11157 | D:7      | Killed Joseph
 11349 | D:7      | Found a radiant altar of Vehumet.
 11352 | D:7      | Became a worshipper of Vehumet
 11505 | D:7      | Reached XP level 10. HP: 41/58 MP: 20/20
 11935 | D:8      | Noticed Grum
 11995 | D:8      | Killed Grum
 12415 | D:8      | Noticed a centaur warrior
 12563 | D:8      | Found Lidgh's Elemental Accessories.
 12571 | D:8      | Bought an uncursed staff of earth for 250 gold pieces
 12868 | D:8      | Reached skill level 5 in Fighting
 12870 | D:8      | Noticed cireshan's ghost (novice DECj)
 12893 | D:7      | Reached * piety under Vehumet
 12893 | D:7      | Offered knowledge of Flame Tongue by Vehumet.
 12942 | D:7      | Learned a level 1 spell: Flame Tongue
 13144 | D:8      | Found a white marble altar of Elyvilon.
 14152 | D:7      | Killed a centaur warrior
 14152 | D:7      | Reached skill level 1 in Fire Magic
 14324 | D:8      | Noticed a kobold demonologist
 14398 | D:8      | Noticed a sun demon
 14398 | D:8      | Killed a kobold demonologist
 14453 | D:8      | Noticed a hill giant
 14485 | D:7      | Killed a hill giant
 14485 | D:7      | Reached skill level 5 in Maces & Flails
 14485 | D:7      | Reached skill level 8 in Spellcasting
 14800 | D:8      | Reached XP level 11. HP: 64/64 MP: 21/23
 14963 | D:8      | Noticed a seven-headed hydra
 14988 | D:8      | Killed cireshan's ghost
 14988 | D:8      | Reached skill level 5 in Armour
 16200 | D:8      | Noticed Pikel
 16212 | D:8      | Killed Pikel
 16498 | D:8      | Got a transparent rapier
 16717 | D:8      | Identified the +2 rapier "Osol" {pierce, rC+ MR+ SInv} (You found it on level 8 of the Dungeon)
 17689 | D:9      | Reached ** piety under Vehumet
 17746 | D:9      | Offered knowledge of Sting by Vehumet.
 17832 | D:9      | Learned a level 1 spell: Sting
 17839 | D:9      | Found a bloodstained altar of Trog.
 18210 | D:9      | Noticed an ice statue
 18253 | D:9      | Found a staircase to the Orcish Mines.
 18399 | D:10     | Entered Level 10 of the Dungeon
 18841 | D:10     | Found a staircase to the Lair.
 18842 | D:10     | Reached skill level 1 in Long Blades
 18894 | D:10     | Got a scorched dagger
 18895 | D:10     | Identified the +6 dagger "Inavusch" {pierce, +Rage rC+} (You found it on level 10 of the Dungeon)
 19033 | D:10     | Noticed a hill giant
 19117 | D:9      | Offered knowledge of Throw Frost by Vehumet.
 19153 | D:10     | Killed a hill giant
 19662 | D:10     | Reached skill level 9 in Spellcasting
 20312 | Lair:1   | Entered Level 1 of the Lair of Beasts
 20565 | Lair:1   | Reached skill level 5 in Dodging
 20867 | Lair:1   | Reached skill level 1 in Staves
 20867 | Lair:1   | Reached skill level 5 in Evocations
 20875 | Lair:1   | Reached *** piety under Vehumet
 20878 | Lair:1   | Reached XP level 12. HP: 71/71 MP: 11/25
 21133 | Lair:1   | Got a bloodstained robe
 21144 | Lair:1   | Identified the +0 robe of Action {rPois Str+9} (You found it on level 1 of the Lair of Beasts)
 22144 | Lair:1   | Identified a scroll of acquirement
 22435 | Lair:2   | Noticed Sonja
 22447 | Lair:2   | Killed Sonja
 22558 | Lair:2   | Offered knowledge of Airstrike by Vehumet.
 24440 | Lair:2   | Identified a +8 rod of shadows (9/9) (You found it on level 2 of the Lair of Beasts)
 24487 | Lair:2   | Reached **** piety under Vehumet
 24813 | Lair:3   | Found a labyrinth entrance.
 24822 | Lab      | Entered a labyrinth
 25840 | Lab      | Noticed a minotaur
 25850 | Lab      | Killed a minotaur
 25853 | Lab      | Got a shimmering golden ring
 25863 | Lab      | Identified the Almanac of Excruciating Curses
 25864 | Lab      | Got an encrusted dagger
 25867 | Lab      | Identified the Catalogue of Translocation
 26091 | Lair:2   | Identified the cursed +1 dagger "Giantbane" {venom, *Noise rF+++ MR+ Stlth+} (You found it in a labyrinth)
 26133 | Lair:2   | Identified a +0 rod of ignition (9/9) (You took it off a minotaur in a labyrinth)
 26135 | Lair:2   | Identified the ring "Paw Ukhapno" {rElec rPois rF+ Dex+4 Slay-4} (You took it off a minotaur in a labyrinth)
 26743 | Lair:1   | Noticed an eight-headed hydra
 26759 | Lair:1   | Killed an eight-headed hydra
 27112 | Lair:2   | Reached skill level 10 in Spellcasting
 27223 | Lair:3   | Reached XP level 13. HP: 29/76 MP: 6/27
 27857 | Lair:3   | Offered knowledge of Olgreb's Toxic Radiance by Vehumet.
 28968 | Lair:4   | Reached skill level 10 in Earth Magic
 29461 | Lair:4   | Found a staircase to the Shoals.
 30102 | Lair:4   | Reached skill level 5 in Fire Magic
 32289 | Lair:2   | Learned a level 3 spell: Dazzling Spray
 32380 | Lair:6   | Found a viscous altar of Jiyva.
 32380 | Lair:6   | Found a staircase to the Slime Pits.
 33561 | Lair:6   | Found a hole to the Spider Nest.
 33655 | Lair:6   | Reached ***** piety under Vehumet
 33661 | Lair:6   | Offered knowledge of Conjure Ball Lightning by Vehumet.
 34269 | Lair:7   | Gained mutation: Your large and strong wings let you fly indefinitely. [Gargoyle growth]
 34269 | Lair:7   | Reached XP level 14. HP: 84/84 MP: 28/28
 34926 | Lair:7   | Reached skill level 11 in Spellcasting
 36549 | Lair:7   | Learned a level 3 spell: Mephitic Cloud
 36550 | Lair:8   | Entered Level 8 of the Lair of Beasts
 37459 | Lair:8   | Noticed Josephine
 37517 | Lair:7   | Reached skill level 5 in Staves
 38345 | Lair:8   | Offered knowledge of Bolt of Magma by Vehumet.
 38367 | Lair:8   | Killed Josephine
 38455 | Lair:7   | Learned a level 5 spell: Bolt of Magma
 40552 | Lair:8   | Got a pitted cloak
 40563 | Lair:8   | Identified the +0 cloak of the Ban {rF+ Str+4} (You found it on level 8 of the Lair of Beasts)
 40831 | Lair:8   | Reached XP level 15. HP: 89/91 MP: 19/30
 42924 | D:8      | Bought a lamp of fire for 400 gold pieces
 42974 | D:8      | Killed a seven-headed hydra
 43266 | D:9      | Offered knowledge of Iron Shot by Vehumet.
 43326 | D:9      | Learned a level 6 spell: Iron Shot
 43562 | Orc:1    | Entered Level 1 of the Orcish Mines
 44365 | Orc:1    | Noticed Erolcha
 44405 | Orc:2    | Found a roughly hewn altar of Beogh.
 45336 | Orc:1    | Killed Erolcha
 45381 | Orc:1    | Found Orayna Qaut's Magic Scroll Shop.
 45398 | Orc:1    | Bought a scroll of identify for 32 gold pieces
 45398 | Orc:1    | Bought a scroll of identify for 32 gold pieces
 45398 | Orc:1    | Bought a scroll of identify for 32 gold pieces
 45834 | Orc:3    | Found a staircase to the Elven Halls.
 46003 | Orc:3    | Offered knowledge of Bolt of Cold by Vehumet.
 46309 | Orc:4    | Entered Level 4 of the Orcish Mines
 46439 | Orc:4    | Upgraded the game from 0.17-a0-2109-g117576f to 0.17-a0-2118-g63bad21
 46601 | Orc:4    | Found Coff's Antique Weapon Boutique.
 46601 | Orc:4    | Found Gush's Food Emporium.
 46612 | Orc:3    | Reached skill level 12 in Spellcasting
 47380 | Orc:4    | Found Maledgh's Armour Shoppe.
 47380 | Orc:4    | Found Laeta's Gadget Boutique.
 47577 | Orc:4    | Reached skill level 10 in Fighting
 48121 | Orc:4    | Found a roughly hewn altar of Beogh.
 48173 | Orc:4    | Offered knowledge of Ozocubu's Refrigeration by Vehumet.
 48351 | Orc:4    | Bought a wand of fire (9) for 364 gold pieces
 48351 | Orc:4    | Bought a wand of hasting (3) for 588 gold pieces
 49241 | D:11     | Found a frozen archway.
 49245 | IceCv    | Entered an ice cave
 49615 | IceCv    | Got a shimmering eveningstar
 49618 | IceCv    | Identified the cursed +1 eveningstar of Mutubar {freeze, +Fly Str+2 Stlth+} (You found it in an ice cave)
 50619 | D:11     | Reached skill level 13 in Spellcasting
 51476 | D:12     | Reached skill level 10 in Conjurations
 51672 | D:11     | Reached skill level 1 in Shields
 51815 | D:12     | Reached XP level 16. HP: 84/97 MP: 9/33
 52652 | D:12     | Found Zaunituv's Magic Scroll Boutique.
 54234 | D:13     | Found a portal to a secret trove of treasure.
 54459 | D:13     | Found a glowing golden altar of the Shining One.
 55237 | D:14     | Offered knowledge of Delayed Fireball by Vehumet.
 55329 | D:13     | Learned a level 7 spell: Delayed Fireball
 55836 | D:14     | Found a gate to the Vaults.
 58522 | Shoals:1 | Entered Level 1 of the Shoals
 59083 | Elf:1    | Entered Level 1 of the Elven Halls
 60281 | Elf:1    | Found Ucits's Antique Weapon Shop.
 60661 | Elf:1    | Offered knowledge of Freezing Cloud by Vehumet.
 62363 | Elf:1    | Reached XP level 17. HP: 89/103 MP: 11/34
 63760 | Elf:2    | Found a deep blue altar of Sif Muna.
 63797 | Elf:2    | Reached skill level 14 in Spellcasting
 65155 | D:14     | Reached ****** piety under Vehumet
 65413 | D:15     | Entered Level 15 of the Dungeon
 65515 | D:15     | Offered knowledge of Lehudib's Crystal Spear by Vehumet.
 65515 | D:15     | Offered knowledge of Fire Storm by Vehumet.
 65515 | D:15     | Offered knowledge of Glaciate by Vehumet.
 65665 | D:15     | Reached skill level 5 in Shields
 65787 | D:15     | Noticed Louise
 65799 | D:15     | Killed Louise
 66924 | D:15     | Found a staircase to the Depths.
 67375 | D:15     | Got a ripped robe
 67457 | D:14     | Identified the +2 robe of Trial and Error {rElec rC+ Int+2} (You took it off a yaktaur on level 15 of the Dungeon)
 68199 | D:15     | Got a pair of shimmering gloves
 68299 | D:14     | Identified the +2 pair of gloves of Prudence {rF++ Dex+4} (You found it on level 15 of the Dungeon)
 69438 | Spider:1 | Entered Level 1 of the Spider Nest
 70423 | Spider:1 | Reached XP level 18. HP: 95/110 MP: 35/36
 70890 | Spider:1 | Noticed Asterion
 70917 | Spider:1 | Killed Asterion
 71884 | Spider:2 | Noticed Donald
 71885 | Spider:2 | Noticed Arachne
 71919 | Spider:1 | Killed Arachne
 72505 | Spider:2 | Got a shimmering buckler
 72535 | Spider:2 | Identified the +0 buckler of the Ward {rF+ MR+ Str-4 SInv} (You found it on level 2 of the Spider Nest)
 72631 | Spider:2 | Reached skill level 10 in Evocations
 73293 | Spider:2 | Noticed Jorgrun
 73619 | Spider:3 | Upgraded the game from 0.17-a0-2118-g63bad21 to 0.17-a0-2122-g03d97ec
 74339 | Spider:2 | Reached skill level 15 in Spellcasting
 74484 | Spider:2 | Killed Jorgrun
 74728 | Spider:2 | Killed Donald
 76307 | Spider:4 | Entered Level 4 of the Spider Nest
 76888 | Spider:4 | Reached skill level 10 in Fire Magic
 77948 | Spider:4 | Reached XP level 19. HP: 101/116 MP: 20/38
 78351 | Spider:4 | Noticed Agnes
 79138 | Spider:4 | Killed Agnes
 79869 | Spider:4 | Got a gossamer rune of Zot
 82311 | Shoals:2 | Found Suohuxufes's Food Shoppe.
 83138 | Lair:2   | Learned a level 5 spell: Fireball
 83669 | Shoals:2 | Reached skill level 10 in Dodging
 85078 | Shoals:3 | Noticed Polyphemus
 85108 | Shoals:3 | Killed Polyphemus
 86097 | Shoals:4 | Entered Level 4 of the Shoals
 86104 | Shoals:4 | Noticed Ilsuiw
 86161 | Shoals:3 | Reached skill level 16 in Spellcasting
 86248 | Shoals:3 | Reached XP level 20. HP: 113/124 MP: 6/40
 86488 | Shoals:4 | Killed Ilsuiw
 86904 | Shoals:4 | Noticed Mara
 86921 | Shoals:3 | Killed Mara
 87456 | Shoals:4 | Noticed PeterLawrence's ghost (adept MiFi)
 87820 | Shoals:3 | Upgraded the game from 0.17-a0-2122-g03d97ec to 0.17-a0-2127-g1cb09f6
 91964 | Shoals:4 | Got a barnacled rune of Zot
 92884 | Elf:2    | Found a runed gate.
 92886 | Elf:2    | Found a runed gate.
 92889 | Elf:2    | Found a runed gate.
 93354 | Elf:2    | Noticed a deep elf blademaster
 93400 | Elf:2    | Killed a deep elf blademaster
 94442 | Elf:2    | Noticed Aizul
 94450 | Elf:2    | Killed Aizul
 94680 | Elf:2    | Noticed a deep elf blademaster
 94685 | Elf:2    | Killed a deep elf blademaster
 95155 | Elf:3    | Entered Level 3 of the Elven Halls
 95188 | Elf:3    | Reached XP level 21. HP: 113/129 MP: 22/41
 95282 | Elf:2    | Learned a level 8 spell: Lehudib's Crystal Spear
 96473 | Elf:3    | Reached skill level 15 in Earth Magic
 96517 | Elf:3    | Got a fine brass amulet
 96609 | Elf:3    | Got an ancient glaive {chop}
 97154 | Elf:3    | Reached skill level 10 in Shields
 97480 | Elf:3    | Got a bound garnet amulet
 97889 | Elf:3    | Got a brightly glowing bronze amulet
 98168 | Elf:3    | Identified the amulet of Onagab {Faith rElec rF+ Str-3 Stlth+} (You took it off a deep elf death mage on level 3 of the Elven Halls)
 98169 | Elf:3    | Identified the amulet of Qufotsu {Gourm *Confuse Dex+9 Stlth+} (You took it off a deep elf annihilator on level 3 of the Elven Halls)
 98170 | Elf:3    | Identified the amulet "Etaif" {rCorr rF+ MR+} (You took it off a deep elf blademaster on level 3 of the Elven Halls)
 98620 | Orc:4    | Bought a meat ration for 55 gold pieces
 98620 | Orc:4    | Bought a meat ration for 55 gold pieces
 98620 | Orc:4    | Bought a meat ration for 55 gold pieces
 98991 | D:5      | Bought a meat ration for 65 gold pieces
 98991 | D:5      | Bought a meat ration for 65 gold pieces
 98991 | D:5      | Bought a meat ration for 65 gold pieces
 98991 | D:5      | Bought a meat ration for 65 gold pieces
 98991 | D:5      | Bought a meat ration for 65 gold pieces
 99014 | D:5      | Killed B1inky's ghost
 99571 | Elf:3    | Identified a +4 rod of destruction (9/9) (You took it off a deep elf demonologist on level 3 of the Elven Halls)
100087 | Vaults:1 | Entered Level 1 of the Vaults
101387 | Vaults:1 | Found Sumuu's Magic Scroll Shoppe.
101642 | Vaults:1 | Reached skill level 17 in Spellcasting
103223 | Vaults:2 | Noticed Frederick
104105 | Vaults:2 | Reached XP level 22. HP: 136/136 MP: 32/43
104473 | Vaults:2 | Found a staircase to the Crypt.
104473 | Vaults:2 | Found an ancient bone altar of Kikubaaqudgha.
104476 | Vaults:2 | Found a basalt altar of Yredelemnul.
104508 | Vaults:2 | Noticed Boris
105712 | Vaults:2 | Killed Frederick
105896 | Vaults:2 | Killed Boris
107555 | Vaults:3 | Got a twisted flail
107556 | Vaults:3 | Identified the +6 flail "Ziyturro" {crush, Dex+7} (You found it on level 3 of the Vaults)
111979 | Lair:2   | Learned a level 9 spell: Fire Storm
112018 | Lair:2   | Gained mutation: You are partially covered in slimy green scales (AC +2). [potion of beneficial mutation]
112577 | Vaults:4 | Reached XP level 23. HP: 135/143 MP: 32/44
115237 | Depths:1 | Entered Level 1 of the Depths
115615 | Depths:1 | Reached skill level 18 in Spellcasting
116534 | Depths:1 | Found a gateway to a ziggurat.
117271 | Depths:1 | Found a gateway to Hell.
117781 | Depths:1 | Noticed Wiglaf
118047 | Depths:1 | Identified the Incunabulum of Doomed Ice
118050 | Depths:1 | Identified the Reference Book on Shifting Clay
118259 | D:15     | Killed Wiglaf
119071 | Depths:1 | Found a one-way gate leading to the halls of Pandemonium.
119248 | Depths:1 | Reached skill level 15 in Fighting
120384 | Depths:2 | Reached XP level 24. HP: 150/150 MP: 41/45
120756 | Depths:2 | Reached skill level 15 in Conjurations
123640 | Depths:3 | Paralysed by a giant eyeball for 2 turns
124459 | Depths:3 | Paralysed by a giant eyeball for 2 turns
124562 | Depths:3 | Found a stormy altar of Qazlal.
124996 | Depths:3 | Gained mutation: You are covered in fur (AC +1). [potion of beneficial mutation]
125035 | Depths:3 | Got a bone rapier
125036 | Depths:3 | Identified the +5 rapier of Guile {drain, *Rage rF+ MR+ Dex+5} (You found it on level 3 of the Depths)
125076 | Depths:3 | Noticed Saint Roka
125100 | Depths:3 | Killed Saint Roka
125725 | Depths:3 | Got a heavily runed jade ring
125730 | Depths:3 | Identified the ring of Cheibriados's Hatred {+Inv rPois MP-9 Str+5} (You found it on level 3 of the Depths)
126422 | Depths:3 | Got a fine long sword {flame}
126423 | Depths:3 | Identified the +10 long sword of Dishonesty {flame, *Corrode +Blink rN+ Stlth+} (You took it off an orc on level 3 of the Depths)
126534 | Depths:3 | Gained mutation: Your skin changes colour to match your surroundings (Stealth). [a neqoxec]
126534 | Depths:3 | Paralysed by a giant eyeball for 4 turns
126536 | Depths:3 | Gained mutation: You are frail (-10% HP). [a neqoxec]
126547 | Depths:3 | Gained mutation: You are clumsy. (Dex -2) [a neqoxec]
128110 | Orc:1    | Bought a scroll of teleportation for 48 gold pieces
128110 | Orc:1    | Bought a scroll of blinking for 120 gold pieces
128110 | Orc:1    | Bought a scroll of enchant armour for 120 gold pieces
129005 | Depths:2 | Reached skill level 19 in Spellcasting
129119 | Depths:3 | Got a glittering glass ring
129122 | Depths:3 | Identified the ring of Letos {-Tele MP+9 Dex+3 Stlth+} (You found it on level 3 of the Depths)
129132 | Depths:3 | Reached XP level 25. HP: 140/140 MP: 40/46
129172 | Depths:3 | Found a snail-covered altar of Cheibriados.
130915 | Depths:4 | Found Jiemnas's General Store.
131679 | Depths:4 | Got a jewelled morningstar {distort}
132562 | Depths:4 | Found a one-way gate to the infinite horrors of the Abyss.
132949 | Depths:4 | Got a steaming robe
132963 | Depths:4 | Identified the +1 robe "Motu" {*Confuse rN+++ Int+4 Stlth+} (You found it on level 4 of the Depths)
134305 | Depths:5 | Entered Level 5 of the Depths
137440 | Depths:5 | Reached XP level 26. HP: 147/147 MP: 46/46
138119 | D:5      | Bought 4 fruits for 78 gold pieces
138119 | D:5      | Bought a bread ration for 65 gold pieces
138119 | D:5      | Bought a bread ration for 65 gold pieces
138119 | D:5      | Bought a bread ration for 65 gold pieces
138119 | D:5      | Bought a bread ration for 65 gold pieces
138119 | D:5      | Bought a beef jerky for 19 gold pieces
138289 | Orc:4    | Bought a bread ration for 55 gold pieces
138289 | Orc:4    | Bought a bread ration for 55 gold pieces
138289 | Orc:4    | Bought a bread ration for 55 gold pieces
138289 | Orc:4    | Bought 4 fruits for 66 gold pieces
138289 | Orc:4    | Bought 3 fruits for 49 gold pieces
140238 | Depths:5 | Found a gate to the Realm of Zot.
141448 | Lair:2   | Identified the +4 morningstar of Annoyance {distort, +Blink rPois} (You took it off a hell knight on level 4 of the Depths)
141770 | Vaults:5 | Entered Level 5 of the Vaults
141778 | Vaults:5 | Reached skill level 20 in Spellcasting
142105 | Vaults:5 | Noticed an ancient lich
142249 | Vaults:4 | Killed an ancient lich
142557 | Vaults:4 | Reached skill level 15 in Fire Magic
143504 | Vaults:5 | Reached XP level 27. HP: 153/153 MP: 39/47
143736 | Vaults:5 | Noticed an ancient lich
143738 | Vaults:5 | Killed an ancient lich
145231 | Vaults:4 | Reached skill level 15 in Shields
146545 | Vaults:5 | Got a silver rune of Zot
147822 | Vaults:5 | Got an ivory broad axe {chop}
148049 | Vaults:5 | Got a crude dagger
148059 | Vaults:5 | Got a transparent long sword
148875 | Lair:2   | Identified the +8 broad axe "Maat" {chop, +Fly rF+ Int+2} (You took it off a fire giant on level 5 of the Vaults)
148876 | Lair:2   | Identified the +7 dagger of Classification {venom, Str+6} (You found it on level 5 of the Vaults)
148877 | Lair:2   | Identified the +9 long sword of the Pillar {vamp, MR+} (You found it on level 5 of the Vaults)
149098 | Vaults:1 | Bought a scroll of holy word for 120 gold pieces
149098 | Vaults:1 | Bought a scroll of identify for 32 gold pieces
149098 | Vaults:1 | Bought a scroll of holy word for 120 gold pieces
149098 | Vaults:1 | Bought a scroll of identify for 32 gold pieces
149098 | Vaults:1 | Bought a scroll of identify for 32 gold pieces
149976 | Zot:1    | Entered Level 1 of the Realm of Zot
151227 | Zot:1    | Reached skill level 15 in Evocations
151582 | Hell     | Entered the Vestibule of Hell
151584 | Hell     | Noticed Geryon
151746 | Hell     | Killed Geryon
152188 | Hell     | Noticed Murray
152194 | Hell     | Killed Murray
152194 | Hell     | Reached skill level 21 in Spellcasting
153645 | Hell     | Found a gateway to the decaying netherworld of Tartarus.
153728 | Hell     | Found a gateway to the freezing wastes of Cocytus.
154115 | Hell     | Found a gateway to the ashen valley of Gehenna.
154308 | Hell     | Found a gateway to the Iron City of Dis.
154814 | Shoals:2 | Bought a meat ration for 70 gold pieces
154814 | Shoals:2 | Bought 2 fruits for 42 gold pieces
154814 | Shoals:2 | Bought a meat ration for 70 gold pieces
154814 | Shoals:2 | Bought a bread ration for 70 gold pieces
154814 | Shoals:2 | Bought a meat ration for 70 gold pieces
154814 | Shoals:2 | Bought a royal jelly for 28 gold pieces
154814 | Shoals:2 | Bought a meat ration for 70 gold pieces
154814 | Shoals:2 | Bought a meat ration for 70 gold pieces
154814 | Shoals:2 | Bought a beef jerky for 21 gold pieces
154814 | Shoals:2 | Bought a royal jelly for 28 gold pieces
154814 | Shoals:2 | Bought a slice of pizza for 21 gold pieces
155066 | D:12     | Bought a scroll of acquirement for 624 gold pieces
155066 | D:12     | Bought a scroll of teleportation for 36 gold pieces
155066 | D:12     | Bought a scroll of fog for 24 gold pieces
155192 | D:5      | Bought a slice of pizza for 19 gold pieces
155192 | D:5      | Bought a royal jelly for 26 gold pieces
155192 | D:5      | Bought a beef jerky for 19 gold pieces
155192 | D:5      | Bought a royal jelly for 26 gold pieces
155192 | D:5      | Bought a meat ration for 65 gold pieces
160013 | Zot:2    | Noticed an orb of fire
160028 | Zot:1    | Killed an orb of fire
160801 | Lair:2   | Upgraded the game from 0.17-a0-2127-g1cb09f6 to 0.17-a0-2147-gfb20a63
162844 | Zot:2    | Learned a level 4 spell: Sticky Flame
167030 | Zot:4    | Identified the Incunabulum of Destructive Malediction
168679 | Zot:4    | Reached skill level 22 in Spellcasting
169445 | Zot:2    | Reached skill level 15 in Dodging
169863 | Zot:5    | Entered Level 5 of the Realm of Zot
170432 | Zot:5    | Noticed an ancient lich
170436 | Zot:5    | Killed an ancient lich
170570 | Zot:5    | Noticed an ancient lich
170572 | Zot:5    | Killed an ancient lich
170701 | Zot:5    | Learned a level 2 spell: Repel Missiles
171450 | Depths:4 | Bought a bread ration for 105 gold pieces
171450 | Depths:4 | Bought 2 scrolls of teleportation for 126 gold pieces
172027 | Lair:2   | Upgraded the game from 0.17-a0-2147-gfb20a63 to 0.17-a0-2171-ga91b4ec
172057 | Lair:2   | Learned a level 9 spell: Shatter
172067 | Lair:2   | Learned a level 3 spell: Passwall
172077 | Lair:2   | Learned a level 6 spell: Bolt of Fire
172087 | Lair:2   | Learned a level 7 spell: Spellforged Servitor
173179 | Zot:5    | Noticed an ancient lich
173184 | Zot:5    | Killed an ancient lich
174001 | Zot:5    | Noticed an orb of fire
174285 | Zot:5    | Killed an orb of fire
174368 | Zot:5    | Noticed an orb of fire
174373 | Zot:5    | Killed an orb of fire
174975 | Zot:5    | Noticed an orb of fire
175457 | Zot:5    | Killed an orb of fire
175766 | Zot:5    | Noticed an orb of fire
175780 | Zot:5    | Killed an orb of fire
176295 | Zot:4    | Got a fine buckler
176941 | Zot:4    | Identified the +1 buckler "Heas" {MR+ Regen+} (You took it off a draconian monk on level 4 of the Realm of Zot)
177414 | Zot:5    | Reached skill level 23 in Spellcasting
177900 | Zot:5    | Got the Orb of Zot
178078 | Depths:4 | Noticed Nal Dadi the pandemonium lord
178560 | D:9      | Noticed Qusanom the pandemonium lord
178808 | D:6      | Noticed Yfyb Paqipt the pandemonium lord
179157 | D:$      | Escaped with the Orb!

Vault maps used:
D:1:      lemuel_arrival_cross, nemelex_altar_shiori
D:2:      nicolae_overflow_crystal_walls, nicolae_overflow_hidden_temple,
          ecumenical_altar_2, xom_teletrap_fun, uniq_terence
D:3:      grunt_ministairs_9, mrwooster_statue_mirror, fedhas_altar_1
D:4:      temple_hall, first_bread, uniq_natasha
D:5:      lemuel_doored_altar, old_standard_altar, serial_shops, shop,
          minmay_crystal_room
D:6:      kennysheep_little_box
D:7:      kennysheep_mini_moat, cheibrodos_ashenzari_chains, uniq_joseph,
          uniq_menkaure, uniq_crazy_yiuf_cottage
D:8:      hangedman_cross_cluster, lemuel_coloured_pillars_altar,
          blue_anna_alchemist, nicolae_elemental_shop, uniq_pikel, uniq_grum
D:9:      minmay_statue_hallways, kennysheep_mini, orc_0_dummy
D:10:     grunt_lair_entry_elf_guard_hut
D:11:     cheibrodos_lost_city_excavation, portal_ice_cave_entry_pillars_03
D:12:     serial_shops, shop
D:13:     basic_altar, nicolae_trove_entry_crossroad, minivault_24
D:14:     david_vaults_3, corexii_corridor_pit
D:15:     gammafunk_depths_entry_grave, minmay_misc_feat_chi, uniq_louise
Temple:   chambers_temple_10
Lair:1:   infiniplex_staircase_pool
Lair:2:   worms_lemuel, infiniplex_staircase_pool_2, uniq_sonja
Lair:3:   lab_entry_generic
Lair:4:   wad_woods_minihive, minmay_shoals_entry_hut
Lair:5:   bh_autumn_forest_stairs, lemuel_fruit_tree
Lair:6:   nicolae_spider_entry_tight_spaces, slime_altar_1
Lair:7:   kilobyte_rumbling_trees
Lair:8:   hangedman_lair_caniforms_friends, guppyfry_lair_end_dragon,
          grunt_megastairs_2, uniq_josephine
Shoals:1: nicolae_shoals_arrival_archipelago
Shoals:2: serial_shops, shop
Shoals:3: nicolae_shoals_island_circles, hangedman_shoal_octodias,
          uniq_polyphemus
Shoals:4: shoals_end_grunt_ice, shoals_ilsuiw_alternative, uniq_mara
Spider:1: uniq_asterion
Spider:2: uniq_jorgrun, uniq_arachne, uniq_donald
Spider:4: spider_rune_water, uniq_agnes
Orc:1:    serial_shops, shop, minmay_orc_keep, uniq_erolcha
Orc:2:    basic_altar
Orc:3:    nicolae_orc_pool_cavern, guppyfry_library_mini
Orc:4:    st_orc_ogre_mass, mines2_david
Elf:1:    eino_elf_arrival_shootout, serial_shops, shop, evilmike_minifort
Elf:2:    basic_altar, guppyfry_elf_garden, basic_stair_grate_trap, uniq_aizul
Elf:3:    elf_hall_gauntlet_narrow
Vaults:1: vaults_dpeg_hooks, nicolae_vaults_diagonal_hallway_9, v_misc_12,
          nicolae_vaults_twisting_passages, vaults_mumra_lcd,
          grunt_vaults_swirl, vaults_room_door_hall, serial_shops,
          nicolae_shop_behind_doors
Vaults:2: minmay_crypt_entry_necro_gods, v_pattern_4, v_misc_33,
          nicolae_vaults_big_ls, ontoclasm_vaults_fault, vaults_room_hallway,
          vaults_dpeg_doors, hangedman_vaults_slice, v_misc_18,
          hangedman_vaults_nodes, serial_ice_b, ontoclasm_vaults_shuriken,
          uniq_frederick, uniq_boris
Vaults:3: v_rooms_4, v_misc_28, st_more_cells, v_misc_26, v_misc_11,
          hangedman_vaults_stream, vaults_room_pools, vaults_mumra_hex,
          ontoclasm_vaults_hangar, ontoclasm_vaults_ligature, v_misc_23
Vaults:4: st_lattice, v_misc_33, ontoclasm_vaults_loading_screen,
          vaults_mumra_chevron, vaults_room_octagon, hangedman_vaults_unwind,
          hangedman_vaults_slice, v_pattern_2,
          vaults_room_grunt_arrival_checkpoint, hangedman_vaults_corner_blocks,
          hangedman_vaults_slice, vaults_room_semicircle,
          nicolae_vaults_little_squares_2
Vaults:5: serial_shops
Depths:1: enter_ziggurat_e, roderic_lattice_a, rand_demon_pan_entry_5,
          hell_entry, minmay_fire_ice_demons, uniq_wiglaf
Depths:2: minmay_connected_boxes_in_corner, kennysheep_doodads,
          grunt_pan_entry_spiral, pf_coc_iceberg, due_unseen_surprise,
          basic_stair_grate_trap
Depths:3: hangedman_spin_cycle, pan_entry, hell_entry
Depths:4: kennysheep_demon_jail, minmay_room_of_horrors, hell_entry, pan_entry,
          minmay_misc_feat_columns, serial_shops, shop,
          infiniplex_staircase_diamond
Depths:5: grunt_crosshair, grunt_hell_entry_demonic_statue, bh_walls_and_bars,
          uniq_saint_roka
Zot:1:    grunt_megastairs_3
Zot:2:    lemuel_draconian_sentries, lemuel_lake_of_fire, basic_stair_grate_trap
Zot:4:    st_stairs_4, lemuel_elevator
Zot:5:    grunt_ministairs_14, st_stairs_3
Lab:      nicolae_lab_dead_adventurers, labyrinth_glass_1
IceCv:    ice_cave_statue_garden_02

Action                   |  1- 3 |  4- 6 |  7- 9 | 10-12 | 13-15 | 16-18 | 19-21 | 22-24 | 25-27 || total
-------------------------+-------+-------+-------+-------+-------+-------+-------+-------+-------++-------
Melee: Club              |    22 |       |       |       |       |       |       |       |       ||    22
       Whip              |     9 |       |       |       |       |       |       |       |       ||     9
       Flail             |       |       |     7 |    10 |       |       |       |       |       ||    17
       Staff             |       |       |       |    60 |    68 |     1 |       |       |       ||   129
       Katana            |       |       |       |       |    42 |    60 |    71 |    41 |    96 ||   310
       Rapier            |       |       |       |       |       |   158 |    57 |     7 |    45 ||   267
       Dagger            |       |       |       |       |       |     5 |       |       |       ||     5
       Demon blade       |       |       |       |       |       |     2 |       |       |       ||     2
       Rod               |       |       |       |       |       |       |     3 |       |       ||     3
       Long sword        |       |       |       |       |       |       |       |     1 |       ||     1
       Demon whip        |       |       |       |       |       |       |       |       |    30 ||    30
       Eveningstar       |       |       |       |       |       |       |       |       |    11 ||    11
       Trident           |       |       |       |       |       |       |       |       |     2 ||     2
 Fire: Blowgun           |       |    20 |    36 |   134 |    51 |    15 |     6 |       |       ||   262
       Hunting sling     |       |    15 |    43 |       |     1 |    15 |       |       |       ||    74
Throw: Tomahawk          |       |       |     2 |       |     1 |     3 |     2 |    12 |     2 ||    22
 Cast: Sandblast         |    86 |   120 |   192 |   142 |   116 |    20 |     2 |       |     3 ||   681
       Stone Arrow       |       |     1 |     6 |   337 |  1119 |   911 |   197 |   144 |   117 ||  2832
       Magic Dart        |       |       |   113 |   263 |   344 |   104 |    39 |    28 |    48 ||   939
       Stoneskin         |       |       |     9 |     7 |    56 |   125 |   144 |   132 |   277 ||   750
       Sting             |       |       |       |    10 |    74 |   120 |   177 |    89 |   119 ||   589
       Dazzling Spray    |       |       |       |       |    13 |    28 |     1 |     2 |       ||    44
       Flame Tongue      |       |       |       |       |     2 |     3 |       |       |       ||     5
       Bolt of Magma     |       |       |       |       |    62 |   422 |   992 |   945 |   229 ||  2650
       Iron Shot         |       |       |       |       |     5 |    34 |    58 |   216 |  1261 ||  1574
       Mephitic Cloud    |       |       |       |       |     5 |     1 |       |       |     1 ||     7
       Lee's Rapid Decon |       |       |       |       |     1 |     3 |    12 |    15 |    92 ||   123
       Fireball          |       |       |       |       |       |       |    16 |    14 |    35 ||    65
       Delayed Fireball  |       |       |       |       |       |       |     1 |       |       ||     1
       Lehudib's Crystal |       |       |       |       |       |       |       |       |   242 ||   242
       Bolt of Fire      |       |       |       |       |       |       |       |       |   117 ||   117
       Sticky Flame      |       |       |       |       |       |       |       |       |    10 ||    10
       Repel Missiles    |       |       |       |       |       |       |       |       |     4 ||     4
       Shatter           |       |       |       |       |       |       |       |       |     1 ||     1
 Abil: Fly               |       |       |       |       |     1 |     1 |     4 |     1 |     3 ||    10
       Stop Flying       |       |       |       |       |       |     1 |     4 |     1 |     3 ||     9
Evoke: Rod               |       |       |       |     1 |       |       |     2 |       |     1 ||     4
       Wand              |       |       |       |       |     2 |    16 |     8 |     2 |    43 ||    71
       Lamp of fire      |       |       |       |       |       |       |     1 |       |     1 ||     2
  Use: Scroll            |       |     7 |     2 |    22 |     9 |    15 |    13 |    25 |    58 ||   151
       Potion            |       |       |       |       |       |     2 |     3 |     5 |    11 ||    21
 Stab: Sleeping          |       |     1 |     5 |    10 |     8 |     1 |       |       |       ||    25
       Distracted        |       |       |       |     3 |     1 |       |       |       |     1 ||     5
       Invisible         |       |       |       |       |       |       |     5 |       |       ||     5
  Eat: Chunk             |     2 |    10 |     5 |    24 |    46 |    39 |    34 |    35 |    76 ||   271
       Royal jelly       |     1 |       |     1 |     2 |     1 |    12 |       |     1 |     4 ||    22
       Beef jerky        |       |     2 |     1 |       |     2 |     2 |     2 |     1 |     5 ||    15
       Fruit             |       |       |     9 |    14 |    14 |    12 |     1 |     4 |    26 ||    80
       Bread ration      |       |       |       |     2 |     2 |     3 |     6 |     3 |    21 ||    37
       Meat ration       |       |       |       |       |     2 |     3 |     4 |     6 |     9 ||    24
       Pizza             |       |       |       |       |       |     1 |       |     1 |     4 ||     6
